 Dungeon Crawl Stone Soup version 0.24.0-29-g8ce449bc06 (webtiles) character file.

Game seed: 14856343423244472953, levelgen mode: deterministic

776 Revguard the Covert (level 7, -2/40 HPs)
             Began as a Vampire Assassin on Nov 14, 2019.
             Was an Initiate of Dithmenos.
             Slain by a slime creature (15 damage)
             ... on level 5 of the Dungeon.
             The game lasted 00:24:43 (3771 turns).

Revguard the Covert (Vampire Assassin)              Turns: 3771, Time: 00:24:43

Health: -2/40      AC:  7    Str: 12    XL:     7   Next: 54%
Magic:  19/19      EV: 13    Int: 13    God:    Dithmenos [......]
Gold:   230        SH:  0    Dex: 16    Spells: 10/10 levels left

rFire    . . .     SeeInvis +   a - +2 dagger
rCold    + + +     Gourm    .   (no shield)
rNeg     + + +     Faith    .   g - +2 leather armour {rC+}
rPois    ∞         Spirit   .   w - +0 helmet
rElec    .         Reflect  .   c - +0 cloak
rCorr    .         Harm     .   (no gloves)
MR       .....                  (no boots)
Stlth    ++++++....             p - amulet of regeneration
HPRegen  0.00/turn              h - ring of magical power
MPRegen  0.16/turn              (no ring)

@: bloodless, regenerating quickly
A: no food, fangs 3, see invisible, unbreathing
a: Bat Form, Revivify, Renounce Religion


You were on level 5 of the Dungeon.
You worshipped Dithmenos.
Dithmenos was noncommittal.
You were bloodless.

You visited 2 branches of the dungeon, and saw 6 of its levels.

You collected 230 gold pieces.

Inventory:

Hand Weapons
 a - a +2 dagger (weapon)
Missiles
 b - 5 silver boomerangs
 d - 18 poisoned darts (quivered)
Armour
 c - a +0 cloak (worn)
 g - a +2 leather armour of cold resistance (worn)
 w - a +0 helmet (worn)
Jewellery
 f - an uncursed amulet of harm
 h - a ring of magical power (left hand)
 k - an uncursed amulet of the acrobat
 n - an uncursed amulet of guardian spirit
 o - a -2 ring of dexterity
 p - an amulet of regeneration (around neck)
Wands
 e - a wand of polymorph (18)
Scrolls
 j - a scroll of enchant armour {unknown}
 l - a scroll of remove curse
 m - a scroll of fog
 q - a scroll of teleportation
Potions
 i - a potion of heal wounds
 s - a potion of brilliance


   Skills:
 + Level 2.7 Fighting
 + Level 4.4 Short Blades
 + Level 2.6 Throwing
 + Level 1.6 Armour
 + Level 2.6 Dodging
 + Level 9.5 Stealth
 * Level 2.0 Spellcasting
 * Level 1.4 Invocations


You had 10 spell levels left.
You didn't know any spells.
Your spell library was empty.

Dungeon Overview and Level Annotations

Branches:
Dungeon (5/15)             Temple (1/1) D:4

Altars:
Dithmenos
Elyvilon
Fedhas
Kikubaaqudgha
Nemelex Xobeh
Okawaru
Qazlal
Ru
Sif Muna
Trog
Uskayaw
Vehumet
Wu Jian
Yredelemnul


Innate Abilities, Weirdness & Mutations

You do not eat.
You do not regenerate when monsters are visible.
You are frail without blood (-20% HP).
You can heal yourself when you bite living creatures.
You are immune to poison.
You have razor-sharp teeth.
You have supernaturally acute eyesight. (SInv)
You can survive without breathing.


Message History

You kill the ooze!
Dithmenos accepts your kill.
You hit the slime creature.
The slime creature is lightly wounded.
The slime creature barely misses you.
You hit the slime creature.
The slime creature is lightly wounded.
The slime creature closely misses you.
You barely miss the slime creature.
The slime creature is lightly wounded.
You hit the slime creature.
The slime creature is lightly wounded.
The slime creature hits you.
You hit the slime creature.
The slime creature is lightly wounded.
The slime creature hits you!
You completely miss the slime creature. Your bite misses the slime creature.
The slime creature is lightly wounded.
The slime creature hits you!
You die...

## #.......# #.#
.# ##......# #.#
.#########......#
#(#.#
.#...........####
#(#.#
.#.###########
#.#.# .......# ###
#.#.# ...###.#
##(####### #.#.#
..)# #.#
#†#.#....#####)#.#
...###.#
#@#.#.....##.#)#.#
.......#
#J#'#......'.#)#.#
....####
#J#........'..(..#
....#
#(#....(..('..(#.#
....#
#)#.......##..(#.#
....##
'##......#####....
.....# # ########
#.....# .....#
#....#.# .....#
######.#


You could see a slime creature and a jelly.

Vanquished Creatures
  Menkaure (D:4)
  A centaur (D:5)
  2 big kobolds (D:5)
  A howler monkey (D:4)
  2 hounds
  A jelly (D:5)
  A bullfrog skeleton (D:2)
  2 orc wizards
  5 gnolls (D:2)
  8 adders
  2 oozes
  An adder zombie (D:5)
  4 worms
  2 dart slugs
  A leopard gecko (D:3)
  10 orcs
  3 giant cockroaches
  7 goblins
  6 hobgoblins
  7 jackals
  2 quokkas (D:3)
  3 ball pythons (D:2)
  4 bats
  8 frilled lizards
  A jackal skeleton (D:4)
  A jackal zombie (D:5)
  10 kobolds
  9 rats
105 creatures vanquished.

Vanquished Creatures (others)
  4 fungi (D:5)
  9 toadstools (D:5)
13 creatures vanquished.

Grand Total: 118 creatures vanquished

Notes
Turn   | Place    | Note
-------+----------+-------------------------------------------
     0 | D:1      | Revguard the Vampire Assassin began the quest for the Orb.
     0 | D:1      | Reached XP level 1. HP: 16/16 MP: 1/1
    69 | D:1      | Reached skill level 6 in Stealth
   230 | D:1      | Reached XP level 2. HP: 22/22 MP: 2/2
   692 | D:2      | Found a bloodstained altar of Trog.
   698 | D:2      | Reached skill level 7 in Stealth
   698 | D:2      | Reached XP level 3. HP: 21/21 MP: 3/3
   890 | D:2      | Reached XP level 4. HP: 28/29 MP: 4/4
  1386 | D:2      | Found an iron altar of Okawaru.
  1484 | D:2      | Reached skill level 8 in Stealth
  1484 | D:2      | Reached XP level 5. HP: 16/34 MP: 5/5
  1878 | D:3      | Found a blossoming altar of Fedhas.
  1948 | D:3      | Reached skill level 1 in Armour
  1972 | D:3      | Found a faded altar of an unknown god.
  2444 | D:4      | Found a staircase to the Ecumenical Temple.
  2451 | D:4      | Noticed Menkaure
  2457 | D:4      | Killed Menkaure
  2457 | D:4      | Reached skill level 1 in Spellcasting
  2457 | D:4      | Reached XP level 6. HP: 36/36 MP: 7/7
  2468 | Temple   | Entered the Ecumenical Temple
  2573 | Temple   | Became a worshipper of Dithmenos the Shadowed
  3194 | D:5      | Entered Level 5 of the Dungeon
  3348 | D:5      | Reached skill level 9 in Stealth
  3348 | D:5      | Reached XP level 7. HP: 13/40 MP: 9/9
  3412 | D:5      | Found a hide-covered altar of Uskayaw.
  3412 | D:5      | Noticed a +0 dagger
  3412 | D:5      | Noticed a +0 hand axe
  3415 | D:5      | Reached skill level 1 in Invocations
  3760 | D:5      | Noticed a slime creature
  3771 | D:5      | Slain by a slime creature

Levels and vault maps discovered:
D:1:      dpeg_arrival_boxorama, layout_loops_ring
D:2:      layout_rooms, okawaru_altar_gauntlet_db, first_ration, bloody_trog
D:3:      layout_basic, nicolae_overflow_hidden_temple,
          chequers_ecumenical_altar_simple
D:4:      layout_basic, minmay_temple_entry_mist, serial_glass, glass_columns_a,
          glass_columns_b, uniq_menkaure
D:5:      cheibrodos_fertilizer, layout_basic, dancing_weapons_uskayaw,
          basic_altar, hex_tiny, grunt_tough_drop
Temple:   eino_temple_lava

Skill      XL: |  1  2  3  4  5  6  7 |
---------------+----------------------+-----
Stealth        | 6 7 8 9 |  9.5
Fighting       | 2 |  2.7
Throwing       | 2 |  2.6
Short Blades   | 3 4 |  4.4
Dodging        | 2 |  2.6
Armour         | 1 |  1.6
Spellcasting   | 1 2 |  2.0
Invocations    | 1 |  1.4

Action                   |  1- 3 |  4- 6 |  7- 9 || total
-------------------------+-------+-------+-------++-------
Melee: Dagger            |    55 |   230 |    73 ||   358
       Bite              |     5 |    22 |     6 ||    33
Throw: Dart              |    15 |    28 |    10 ||    53
       Boomerang         |       |     5 |     1 ||     6
 Abil: Exsanguinate      |     1 |     1 |       ||     2
       Revivify          |     1 |       |       ||     1
  Use: Scroll            |     4 |     5 |       ||     9
       Potion            |       |     7 |       ||     7
 Stab: Sleeping          |     9 |    19 |     2 ||    30
       Distracted        |       |     1 |       ||     1
Armor: Leather armour    |    13 |    84 |    18 ||   115
       Skin              |       |     7 |       ||     7
Dodge: Dodged            |    20 |   193 |    44 ||   257
